 Dungeon Crawl Stone Soup version 0.24-a0-250-g6074511 (webtiles) character file.

Game seed: 8498887018336506754

293211 Gorice the Fighter (level 20, 0/160 HPs)
             Began as a Gnoll Wanderer on Apr 13, 2019.
             Was the Champion of Okawaru.
             Slain by a stone giant (26 damage)
             ... on level 1 of the Vaults on Apr 15, 2019.
             The game lasted 05:02:44 (59728 turns).

Gorice the Fighter (Gnoll Wanderer)                Turns: 59728, Time: 05:02:45

Health: 0/160      AC: 35    Str: 22    XL:     20   Next: 82%
Magic:  0/37       EV: 30    Int: 16    God:    Okawaru [******]
Gold:   1883       SH:  9    Dex: 15    Spells: 35/46 levels left

rFire    . . .     SeeInvis .   a - +2 demon blade (flame)
rCold    . . .     Gourm    .   c - +0 buckler {AC+3}
rNeg     . . .     Faith    .   G - +0 swamp dragon scales
rPois    +         Spirit   +   l - +1 helmet
rElec    .         Reflect  .   y - +2 cloak
rCorr    .         Harm     .   S - +1 pair of gloves
MR       +....                  k - +0 pair of boots
Stlth    ++++++....             Q - amulet of guardian spirit
HPRegen  0.36/turn              P - ring of Robustness {AC+8}
MPRegen  0.25/turn              e - +6 ring of evasion

@: heroism, marked, slowed, very slow
A: distributed training, fangs 1, strong nose
}: 2/15 runes: decaying, serpentine
a: Heroism, Finesse, Renounce Religion


You were on level 1 of the Vaults.
You worshipped Okawaru.
Okawaru was exalted by your worship.
You were near starving.

You visited 8 branches of the dungeon, and saw 36 of its levels.

You collected 4309 gold pieces.
You spent 2426 gold pieces at shops.

Inventory:

Hand Weapons
 a - a +2 demon blade of flaming (weapon)
   (Okawaru gifted it to you on level 6 of the Lair of Beasts)
 b - a +4 hunting sling of velocity
   (You took it off Joseph on level 7 of the Dungeon)
 p - a +1 demon blade of draining
   (You took it off Asterion on level 1 of the Vaults)
 B - a +2 hunting sling of flaming
   (Okawaru gifted it to you on level 3 of the Vaults)
Missiles
 h - 135 bolts
 A - 17 sling bullets
 H - 7 javelins (quivered)
 Z - 3 throwing nets {!f}
Armour
 c - a +0 buckler of protection (worn)
   (Okawaru gifted it to you on level 6 of the Lair of Beasts)
 k - a +0 pair of boots (worn)
 l - a +1 helmet (worn)
 y - a +2 cloak (worn)
 G - +0 swamp dragon scales (worn)
 S - a +1 pair of gloves (worn)
Jewellery
 e - a +6 ring of evasion (right hand)
 i - an uncursed ring of see invisible
 F - an uncursed ring of fire
 I - an uncursed ring of ice
 P - the ring of Robustness (left hand) {AC+8}
   (You bought it in a shop on level 4 of the Snake Pit)

   [ring of protection]

   It affects your AC (+8).
 Q - an amulet of guardian spirit (around neck)
Wands
 o - a wand of clouds (1)
 r - a wand of acid (8)
 t - a wand of disintegration (20)
 x - a wand of paralysis (14)
 z - a wand of digging (19)
 W - a wand of scattershot (2)
 X - a wand of iceblast (5)
Scrolls
 d - 5 scrolls of fear {!r}
 g - 14 scrolls of remove curse
 s - 8 scrolls of teleportation {!r}
 v - a scroll of brand weapon
 C - 3 scrolls of blinking
 D - 4 scrolls of magic mapping {!r}
 O - 3 scrolls of fog
 R - 6 scrolls of identify
Potions
 j - a potion of berserk rage
 m - 4 potions of flight
 n - a potion of magic {!q}
 q - a potion of agility {!q}
 u - 4 potions of cancellation {!q}
 w - 2 potions of invisibility {!q}
 E - 17 potions of curing
 J - a potion of resistance {!q}
 K - 3 potions of haste {!q}
 L - 3 potions of heal wounds {!q}
 M - 2 potions of might {!q}
Comestibles
 f - 42 rations


   Skills:
 + Level 14.6(19.6) Fighting
 + Level 13.4(18.4) Short Blades
 + Level 13.4(18.4) Long Blades
 + Level 13.4(18.4) Axes
 + Level 13.4(18.4) Maces & Flails
 + Level 13.4(18.4) Polearms
 + Level 13.4(18.4) Staves
 + Level 13.4(18.4) Slings
 + Level 13.4(18.4) Bows
 + Level 13.6(18.6) Crossbows
 + Level 13.6(18.6) Throwing
 + Level 13.6(18.6) Armour
 + Level 13.4(18.4) Dodging
 + Level 13.4(18.4) Stealth
 + Level 13.4(18.4) Shields
 + Level 13.4(18.4) Unarmed Combat
 + Level 13.7 Spellcasting
 + Level 11.5 Conjurations
 + Level 11.5 Hexes
 + Level 11.5 Charms
 + Level 11.5 Summonings
 + Level 11.5 Necromancy
 + Level 11.5 Translocations
 + Level 11.5 Transmutations
 + Level 11.5 Fire Magic
 + Level 11.7 Ice Magic
 + Level 11.7 Air Magic
 + Level 11.5 Earth Magic
 + Level 11.5 Poison Magic
 + Level 14.4 Invocations
 + Level 13.6 Evocations


You had 35 spell levels left.
You knew the following spells:

 Your Spells              Type           Power        Failure   Level  Hunger
c - Confuse               Hex            #####...     1%          3    None
l - Summon Lightning Spi  Summ/Air       #####...     1%          4    ##.....
s - Animate Skeleton      Necr           N/A          1%          1    None
A - Apportation           Tloc           #####.       1%          1    None
S - Swiftness             Chrm/Air       #####...     1%          2    None

Your spell library contained the following spells:

 Spells                   Type           Power        Failure   Level  Hunger
 Beastly Appendage        Tmut           #####.       1%          1    None
 Confusing Touch          Hex            #####.       1%          1    None
 Corona                   Hex            #####..      1%          1    None
 Freeze                   Ice            ####         1%          1    None
 Sandblast                Erth           #####.       1%          1    None
 Shock                    Conj/Air       ####         1%          1    None
 Sting                    Conj/Pois      ####         1%          1    None
 Summon Small Mammal      Summ           ####         1%          1    None
 Corpse Rot               Necr           N/A          1%          2    None
 Ensorcelled Hibernation  Hex/Ice        #####.       1%          2    None
 Passwall                 Tmut/Erth      #####...     1%          2    None
 Poisonous Vapours        Pois/Air       #####.       1%          2    None
 Sticks to Snakes         Tmut           #####...     1%          2    None
 Throw Frost              Conj/Ice       #####.       1%          2    None
 Dazzling Spray           Conj/Hex       #####.       1%          3    None
 Mephitic Cloud           Conj/Pois/Air  #####...     1%          3    None
 Ozocubu's Armour         Chrm/Ice       #####...     1%          3    None
 Recall                   Summ/Tloc      N/A          1%          3    None
 Spider Form              Tmut/Pois      #####.....   1%          3    None
 Static Discharge         Conj/Air       #####...     1%          3    None
 Stone Arrow              Conj/Erth      #####.       1%          3    None
 Tukima's Dance           Hex            #####...     1%          3    None
 Airstrike                Air            #####.....   1%          4    ##.....
 Animate Dead             Necr           N/A          1%          4    ##.....
 Cause Fear               Hex            #####.....   1%          4    ##.....
 Ice Form                 Ice/Tmut       #####...     1%          4    ##.....
 Leda's Liquefaction      Hex/Erth       #####.....   1%          4    ##.....
 Olgreb's Toxic Radiance  Pois           #####...     1%          4    ##.....
 Petrify                  Tmut/Erth      #####...     1%          4    ##.....
 Summon Ice Beast         Ice/Summ       #####...     1%          4    ##.....
 Throw Icicle             Conj/Ice       #####...     1%          4    ##.....
 Blade Hands              Tmut           #####.....   1%          5    ####...
 Borgnjor's Vile Clutch   Necr/Erth      #####.....   1%          5    ####...
 Lee's Rapid Deconstruct  Erth           #####.....   1%          5    ####...
 Lightning Bolt           Conj/Air       #####.....   1%          5    ####...
 Silence                  Hex/Air        #####.....   1%          5    ####...
 Summon Forest            Summ/Tloc      #####.....   1%          5    ####...
 Venom Bolt               Conj/Pois      #####.....   1%          5    ####...
 Yara's Violent Unravell  Hex/Tmut       #####.....   1%          5    ####...
 Conjure Ball Lightning   Conj/Air       #####.....   11%         6    ######.
 Darkness                 Hex            #####.....   11%         6    ######.
 Death Channel            Necr           #####.....   11%         6    ######.
 Deflect Missiles         Chrm/Air       #####.....   11%         6    ######.
 Hydra Form               Tmut           #####.....   11%         6    ######.
 Shadow Creatures         Summ           N/A          11%         6    ######.
 Simulacrum               Ice/Necr       #####.....   11%         6    ######.
 Summon Hydra             Summ           #####.....   52%         7    #######
 Discord                  Hex            #####.....   99%         8    #######
 Tornado                  Air            #####.....   100%        9    #######


Dungeon Overview and Level Annotations

Branches:
Dungeon (15/15)            Temple (1/1) D:4            Lair (6/6) D:8
  Swamp (4/4) Lair:2        Snake (4/4) Lair:3        Slime (1/5) Lair:5
    Orc (2/2) D:10            Elf (0/3) Orc:2        Vaults (3/5) D:13
 Depths (0/5) D:15
  Crypt: Vaults:2-3

Altars:
Ashenzari
Cheibriados
Dithmenos
Elyvilon
Fedhas
Gozag
Hepliaklqana
Kikubaaqudgha
Makhleb
Nemelex Xobeh
Okawaru
Qazlal
Ru
Sif Muna
Trog
Uskayaw
Vehumet
Wu Jian
Xom
Yredelemnul
Zin
The Shining One
Beogh
Jiyva

Shops:
D:6 *   D:7 =(%%   D:8 [   Orc:1 ?   Orc:2 (:*   Snake:3 *(   Snake:4 =}=

Annotations:
Swamp:4 Mara
Snake:2 2 transporters


Innate Abilities, Weirdness & Mutations

Your experience applies equally to all skills.
You have very sharp teeth.
Your uncanny sense of smell can sniff out nearby items.


Message History

The vault sentinel completely misses you.
You riposte.
You hit the vault sentinel. You burn the vault sentinel.
The vault sentinel is lightly wounded.
The fire giant casts a spell at you. The bolt of fire misses you.
Your swamp dragon scales prevents you from hitting the fire giant.
You bite the fire giant.
You kill the fire giant!
Okawaru accepts your kill. The stone giant completely misses you.
You block the deep elf archer's attack.
The vault sentinel hits you but does no damage.
Unknown command.
The stone giant hits you!
* * * LOW HITPOINT WARNING * * *
The deep elf archer completely misses you.
The vault sentinel unwields a +0 long sword.
The vault sentinel wields a +0 arbalest.
The vault sentinel shoots a bolt.
The bolt completely misses you. The stone giant completely misses you.
The deep elf archer completely misses you.
Items here: )) ? [ †† Damage: 10 (max 24) Unknown command.
The stone giant hits you but does no damage.
The deep elf archer blinks!
The vault sentinel unwields a +0 arbalest.
The vault sentinel wields a +0 long sword.
The vault sentinel hits you with a +0 long sword.
* * * LOW HITPOINT WARNING * * *
Items here: ((( ) [ 3 bolts; 5 arrows; a large rock; a +0 short sword; a +0 scale mail Damage: 3 (max 24)
The vault sentinel barely misses you.
You riposte.
You hit the vault sentinel but do no damage.
The vault sentinel is lightly wounded.
The stone giant hits you!
* * * LOW HITPOINT WARNING * * *
There is a stone staircase leading up, spattered with blood here.
Things that are here:
a large rock; an arrow; Damage: 9 (max 24)
The vault sentinel casts a spell at you.
The mark upon you grows brighter. You block the stone giant's attack.
You climb upwards.
There is a stone staircase leading down, spattered with blood here.
Items here: ( )) [ † an arrow; a +0 leather armour; a +2 shortbow of velocity; a +0 short sword an elf corpse You gain the combat prowess of a mighty hero.
You block the vault sentinel's attack. The stone giant hits you!!
You die...

#.........# # ########### # #
##.....## #############
###.......## #...#...#...#
##.........##########...#...#...#
'.[.........##......##.###.###.##
##.........###......##.###.###.##
###.......## #..pC..#.#...#...#.#
# ##.....## #..@)..#.#...#...#.#
# ####### #......####.###.#### #
#......####.###.#### #
#......'...#...#...# #
#......#...#...#...' #
#########.###.###.## # #.# #.#
#.## # ### ### #### # #


You could see a stone giant and a vault sentinel.

Vanquished Creatures
  Vashnia (Snake:3)
  Jorgrun (D:13)
  Asterion (Vaults:1)
  Agnes (D:15)
  2 thorn hunters
  Gastronok (Orc:1)
  The ghost of Gorice the Cleaver, an adept GnWn of Elyvilon (Snake:1)
  10 nagarajas
  A fire giant (Vaults:2)
  An orc warlord (Orc:1)
  2 frost giants
  A vault warden (Vaults:3)
  A deep elf sorcerer (Vaults:2)
  Aizul (Snake:3)
  The ghost of Ijustatesigmund the Octopoid Aeon, a journeyman OpFi of Cheibriados (D:15)
  7 ironheart preservers
  A very ugly thing (Swamp:4)
  Nessos (D:14)
  3 entropy weavers
  A deep elf demonologist (Vaults:2)
  The ghost of Lanoc the Nimble, a journeyman GnGl of Uskayaw (Orc:1)
  Azrael (Orc:2)
  A deep elf annihilator (Vaults:1)
  An ettin (Orc:2)
  Snorg (Lair:3)
  Josephine (D:15)
  Fannar (Lair:1)
  2 great orbs of eyes
  3 yaktaur captains (Vaults:1)
  22 naga warriors
  A vault guard (D:13)
  An ice dragon (Vaults:1)
  22 hydras
  An ogre mage (Vaults:2)
  3 catoblepae (Lair:6)
  5 centaur warriors
  A ghost crab (Swamp:2)
  15 anacondas
  A shambling mangrove (Swamp:2)
  2 death knights (Vaults:1)
  Erica (D:8)
  10 death yaks
  8 deep troll shamans
  A dancing weapon (Snake:1)
  11 alligators
  2 two-headed ogres (Vaults:3)
  A queen ant (Lair:4)
  5 orc high priests (Orc:2)
  A deep troll earth mage (Vaults:2)
  30 naga sharpshooters
  5 shock serpents
  3 deep elf knights
  A storm dragon zombie (Vaults:3)
  Nergalle (Lair:1)
  2 fire crabs
  A shadow wraith (Vaults:3)
  5 deep trolls (Vaults:1)
  2 unseen horrors
  16 swamp dragons
  4 deep elf archers
  4 spriggan druids
  A flayed ghost (Vaults:1)
  The ghost of Azzok the Digger, a novice OpEE of Vehumet (D:8)
  3 naga ritualists
  7 ironbrand convokers
  2 necromancers
  12 orc knights
  2 wizards
  46 ugly things
  2 wolf spider zombies (D:15)
  6 mana vipers
  6 deep elf magi
  2 orc sorcerers (Vaults:1)
  5 salamanders
  A mana viper (shapeshifter) (Vaults:1)
  8 manticores
  Joseph (D:7)
  5 cyclopes
  A shadow dragon skeleton (Vaults:3)
  The ghost of RedearTest the Shield-Bearer, a novice TeFi of Ru (D:5)
  Maurice (D:8)
  36 black mambas
  2 human skeletons
  7 guardian serpents
  3 centaur zombies
  9 vault sentinels
  A frost giant skeleton (Vaults:3)
  25 spiny frogs
  A gargoyle (D:9)
  26 naga magi
  A spiny frog (shapeshifter) (Vaults:1)
  4 komodo dragons
  7 yaktaurs (Vaults:2)
  2 rime drakes
  4 freezing wraiths
  A tengu conjurer (D:15)
  A spectral two-headed ogre (Orc:1)
  6 polar bears (D:10)
  A troll (shapeshifter) (Vaults:1)
  14 trolls
  9 tyrant leeches
  Prince Ribbit (D:7)
  11 hornets
  5 blink frogs
  A spectral orc (Orc:1)
  43 slime creatures
  9 bog bodies
  9 dream sheep
  10 hippogriffs
  A centaur simulacrum (D:15)
  A shadow (Swamp:3)
  A redback (Vaults:1)
  8 wraiths
  7 spriggans
  A fire elemental (Orc:2)
  3 wyverns
  A basilisk (Lair:6)
  52 yaks
  5 hungry ghosts
  6 wargs
  92 nagas
  14 vampire mosquitoes
  24 insubstantial wisps
  13 swamp worms
  2 acid dragons
  18 soldier ants
  9 water moccasins
  An ogre skeleton (Vaults:1)
  5 porcupines
  3 hell hounds (Orc:2)
  4 sky beasts
  A phantom (D:6)
  3 ice beasts
  16 swamp drakes
  39 orc warriors
  3 black bears
  An ettin simulacrum (Vaults:1)
  An eye of draining (D:13)
  10 centaurs
  17 ogres
  An ogre (shapeshifter) (Vaults:2)
  4 boggarts (Vaults:1)
  5 wolves
  6 crocodiles
  2 big kobolds
  A human zombie (Vaults:3)
  A yaktaur zombie (Vaults:1)
  19 bullfrogs
  A spectral warg (Orc:1)
  A human simulacrum (Vaults:1)
  5 scorpions
  9 killer bees
  A spectral ogre (Orc:1)
  5 wights (D:9)
  5 howler monkeys
  4 electric eels
  11 crimson imps
  A bullfrog zombie (D:7)
  4 jellies
  A quasit (D:12)
  6 hounds
  10 orc priests
  A bullfrog skeleton (D:11)
  5 centaur skeletons
  18 orc wizards
  4 iguanas
  23 worker ants
  3 hound zombies
  14 gnolls
  3 howler monkey skeletons (D:6)
  18 adders
  An ogre simulacrum (Orc:1)
  2 hound simulacra (D:10)
  5 shadow imps
  6 white imps (D:10)
  A howler monkey simulacrum (D:10)
  2 worker ant simulacra (D:10)
  2 ufetubi (D:10)
  An orc simulacrum (Orc:1)
  An adder zombie (D:6)
  An adder skeleton (D:5)
  3 worms
  A dart slug (D:2)
  6 leopard geckos
  97 orcs
  9 bats
  A bat zombie (D:9)
  7 giant cockroaches
  6 goblins
  6 hobgoblins
  9 jackals
  6 quokkas
  4 frilled lizards
  A giant cockroach zombie (D:5)
  18 kobolds
  A leopard gecko skeleton (D:4)
  2 leopard gecko zombies
  A quokka skeleton (D:5)
  A quokka zombie (D:9)
  2 rats
  2 rat zombies (D:9)
  A bush (D:5)
1361 creatures vanquished.

Vanquished Creatures (collateral kills)
  the Lernaean hydra (Swamp:4)
  A swamp drake (Swamp:4)
2 creatures vanquished.

Vanquished Creatures (others)
  A naga sharpshooter (Snake:1)
  A swamp dragon (Swamp:2)
  A spiny frog (Swamp:3)
  5 dream sheep (D:5)
  A shadow (D:12)
  A naga (Snake:4)
  2 insubstantial wisps (Swamp:3)
  A boggart (Vaults:1)
  20 fungi
  7 plants
  2 withered plants (D:15)
42 creatures vanquished.

Grand Total: 1405 creatures vanquished

Notes
Turn   | Place    | Note
-------+----------+-------------------------------------------
     0 | D:1      | Gorice the Gnoll Wanderer began the quest for the Orb.
     0 | D:1      | Gorice set off with the following items: a +0 hand
                  | crossbow, a +0 ring mail, 27 bolts, a ration; and the
                  | following spell memorised: Shock; and the following spells
                  | available to memorise: Swiftness, Static Discharge,
                  | Airstrike, Lightning Bolt
     0 | D:1      | Reached XP level 1. HP: 23/23 MP: 4/4
     2 | D:1      | Noticed a tengu
     2 | D:1      | Noticed a minotaur
     4 | D:1      | Noticed a formicid
     4 | D:1      | Noticed a centaur
     6 | D:1      | Noticed a demonspawn
     6 | D:1      | Noticed a spriggan
     8 | D:1      | Noticed an elf
     8 | D:1      | Noticed an ogre
    10 | D:1      | Noticed a dwarf
    12 | D:1      | Noticed a gargoyle
    14 | D:1      | Noticed a merfolk
    14 | D:1      | Noticed a demigod
    16 | D:1      | Noticed an octopode
    16 | D:1      | Noticed a naga
    18 | D:1      | Noticed a troll
    18 | D:1      | Noticed a vampire
    20 | D:1      | Noticed a draconian
    20 | D:1      | Noticed a ghoul
    22 | D:1      | Noticed a halfling
    24 | D:1      | Noticed a human
    26 | D:1      | Noticed a felid
    26 | D:1      | Noticed a vine stalker
   322 | D:1      | Reached skill level 2 in Ice Magic
   322 | D:1      | Reached skill level 2 in Air Magic
   419 | D:1      | Reached XP level 2. HP: 22/29 MP: 5/5
  1007 | D:2      | Noticed a howler monkey
  1011 | D:2      | Killed a howler monkey
  1011 | D:2      | Reached skill level 1 in Short Blades
  1011 | D:2      | Reached skill level 1 in Long Blades
  1011 | D:2      | Reached skill level 1 in Axes
  1011 | D:2      | Reached skill level 1 in Maces & Flails
  1011 | D:2      | Reached skill level 1 in Polearms
  1011 | D:2      | Reached skill level 1 in Staves
  1011 | D:2      | Reached skill level 1 in Slings
  1011 | D:2      | Reached skill level 1 in Bows
  1011 | D:2      | Reached skill level 1 in Dodging
  1011 | D:2      | Reached skill level 1 in Stealth
  1011 | D:2      | Reached skill level 1 in Shields
  1011 | D:2      | Reached skill level 1 in Unarmed Combat
  1011 | D:2      | Reached skill level 1 in Invocations
  1011 | D:2      | Reached XP level 3. HP: 35/35 MP: 7/7
  1029 | D:2      | Reached XP level 4. HP: 41/41 MP: 8/8
  1037 | D:2      | Reached skill level 3 in Spellcasting
  1174 | D:2      | Reached skill level 1 in Conjurations
  1174 | D:2      | Reached skill level 1 in Hexes
  1174 | D:2      | Reached skill level 1 in Charms
  1174 | D:2      | Reached skill level 1 in Summonings
  1174 | D:2      | Reached skill level 1 in Necromancy
  1174 | D:2      | Reached skill level 1 in Translocations
  1174 | D:2      | Reached skill level 1 in Transmutations
  1174 | D:2      | Reached skill level 1 in Fire Magic
  1174 | D:2      | Reached skill level 1 in Earth Magic
  1174 | D:2      | Reached skill level 1 in Poison Magic
  1231 | D:2      | Found an iron altar of Okawaru.
  1233 | D:2      | Reached XP level 5. HP: 44/47 MP: 9/9
  1248 | D:2      | Became a worshipper of Warmaster Okawaru
  1838 | D:3      | Found an ornate altar of the Wu Jian Council.
  1930 | D:3      | Reached skill level 3 in Crossbows
  1930 | D:3      | Reached skill level 3 in Throwing
  1930 | D:3      | Reached skill level 3 in Armour
  1930 | D:3      | Reached skill level 3 in Evocations
  1939 | D:3      | HP: 13/47 [gnoll (2)]
  2233 | D:3      | Reached XP level 6. HP: 44/53 MP: 10/10
  2301 | D:3      | Found an opulent altar of Gozag.
  2341 | D:3      | Reached skill level 2 in Invocations
  2656 | D:4      | Found a staircase to the Ecumenical Temple.
  2665 | Temple   | Entered the Ecumenical Temple
  2874 | D:4      | Found a radiant altar of Vehumet.
  2925 | D:4      | Found a bloodstained altar of Trog.
  2937 | D:4      | HP: 15/53 [ogre/+0 giant club (4)]
  2938 | D:4      | HP: 6/53 [ogre/+0 giant club (9)]
  2939 | D:4      | Reached * piety under Okawaru
  2939 | D:4      | Reached skill level 2 in Short Blades
  2939 | D:4      | Reached skill level 2 in Long Blades
  2939 | D:4      | Reached skill level 2 in Axes
  2939 | D:4      | Reached skill level 2 in Maces & Flails
  2939 | D:4      | Reached skill level 2 in Polearms
  2939 | D:4      | Reached skill level 2 in Staves
  2939 | D:4      | Reached skill level 2 in Slings
  2939 | D:4      | Reached skill level 2 in Bows
  2939 | D:4      | Reached skill level 2 in Dodging
  2939 | D:4      | Reached skill level 2 in Stealth
  2939 | D:4      | Reached skill level 2 in Shields
  2939 | D:4      | Reached skill level 2 in Unarmed Combat
  3611 | D:4      | Reached XP level 7. HP: 32/59 MP: 12/12
  3800 | D:5      | Entered Level 5 of the Dungeon
  3817 | D:5      | Reached skill level 7 in Fighting
  3852 | D:5      | Found a runed translucent gate.
  3853 | D:5      | Found a runed translucent gate.
  3853 | D:5      | Found a runed translucent gate.
  3855 | D:5      | Noticed RedearTest's ghost (novice TeFi)
  3867 | D:5      | Reached skill level 2 in Conjurations
  3867 | D:5      | Reached skill level 2 in Hexes
  3867 | D:5      | Reached skill level 2 in Charms
  3867 | D:5      | Reached skill level 2 in Summonings
  3867 | D:5      | Reached skill level 2 in Necromancy
  3867 | D:5      | Reached skill level 2 in Translocations
  3867 | D:5      | Reached skill level 2 in Transmutations
  3867 | D:5      | Reached skill level 2 in Fire Magic
  3867 | D:5      | Reached skill level 2 in Earth Magic
  3867 | D:5      | Reached skill level 2 in Poison Magic
  3904 | D:5      | Noticed a dream sheep
  3904 | D:5      | Noticed a dream sheep
  3904 | D:5      | Noticed a dream sheep
  3904 | D:5      | Noticed a dream sheep
  3904 | D:5      | Noticed a dream sheep
  3904 | D:5      | Found a shimmering altar of Xom.
  3909 | D:5      | Killed a dream sheep
  3909 | D:5      | Reached skill level 3 in Ice Magic
  3909 | D:5      | Reached skill level 3 in Air Magic
  3909 | D:5      | Killed a dream sheep
  3909 | D:5      | Killed a dream sheep
  3909 | D:5      | Killed a dream sheep
  3910 | D:5      | Killed a dream sheep
  4038 | D:5      | Reached skill level 4 in Spellcasting
  4038 | D:5      | Reached skill level 3 in Invocations
  4115 | D:5      | Reached XP level 8. HP: 48/67 MP: 14/14
  4167 | D:5      | Found a white marble altar of Elyvilon.
  4310 | D:5      | Reached skill level 3 in Short Blades
  4310 | D:5      | Reached skill level 3 in Long Blades
  4310 | D:5      | Reached skill level 3 in Axes
  4310 | D:5      | Reached skill level 3 in Maces & Flails
  4310 | D:5      | Reached skill level 3 in Polearms
  4310 | D:5      | Reached skill level 3 in Staves
  4310 | D:5      | Reached skill level 3 in Slings
  4310 | D:5      | Reached skill level 3 in Bows
  4310 | D:5      | Reached skill level 4 in Crossbows
  4310 | D:5      | Reached skill level 4 in Throwing
  4310 | D:5      | Reached skill level 4 in Armour
  4310 | D:5      | Reached skill level 3 in Dodging
  4310 | D:5      | Reached skill level 3 in Stealth
  4310 | D:5      | Reached skill level 3 in Shields
  4310 | D:5      | Reached skill level 3 in Unarmed Combat
  4310 | D:5      | Reached skill level 4 in Evocations
  4351 | D:5      | Found a blossoming altar of Fedhas.
  4822 | D:6      | Reached ** piety under Okawaru
  4892 | D:6      | Found a glowing silver altar of Zin.
  4993 | D:6      | Found a shattered altar of Ashenzari.
  5390 | D:6      | HP: 20/67 [orc warrior/+0 scimitar (12)]
  5394 | D:6      | HP: 5/67 [orc warrior/+0 scimitar (13)]
  5416 | D:6      | HP: 20/67 [orc/+0 flail (2)]
  5721 | D:6      | Found Dapiev's Assorted Antiques.
  5839 | D:6      | Reached skill level 3 in Conjurations
  5839 | D:6      | Reached skill level 3 in Hexes
  5839 | D:6      | Reached skill level 3 in Charms
  5839 | D:6      | Reached skill level 3 in Summonings
  5839 | D:6      | Reached skill level 3 in Necromancy
  5839 | D:6      | Reached skill level 3 in Translocations
  5839 | D:6      | Reached skill level 3 in Transmutations
  5839 | D:6      | Reached skill level 3 in Fire Magic
  5839 | D:6      | Reached skill level 3 in Earth Magic
  5839 | D:6      | Reached skill level 3 in Poison Magic
  5839 | D:6      | Reached skill level 4 in Invocations
  5896 | D:6      | Reached XP level 9. HP: 63/72 MP: 16/16
  6100 | D:7      | Found Minubant's Food Emporium.
  6127 | D:7      | Reached skill level 4 in Short Blades
  6127 | D:7      | Reached skill level 4 in Long Blades
  6127 | D:7      | Reached skill level 4 in Axes
  6127 | D:7      | Reached skill level 4 in Maces & Flails
  6127 | D:7      | Reached skill level 4 in Polearms
  6127 | D:7      | Reached skill level 4 in Staves
  6127 | D:7      | Reached skill level 4 in Slings
  6127 | D:7      | Reached skill level 4 in Bows
  6127 | D:7      | Reached skill level 4 in Dodging
  6127 | D:7      | Reached skill level 4 in Stealth
  6127 | D:7      | Reached skill level 4 in Shields
  6127 | D:7      | Reached skill level 4 in Unarmed Combat
  6127 | D:7      | Reached skill level 4 in Ice Magic
  6127 | D:7      | Reached skill level 4 in Air Magic
  6135 | D:7      | HP: 18/73 [killer bee (5)]
  6140 | D:7      | HP: 9/73 [poisoned by a killer bee]
  6145 | D:7      | HP: 19/73 [killer bee (3)]
  6150 | D:7      | HP: 13/73 [poisoned by a killer bee]
  6155 | D:7      | HP: 11/73 [poisoned by a killer bee]
  6161 | D:7      | HP: 10/73 [poisoned by a killer bee]
  6169 | D:6      | HP: 10/73 [poisoned by a killer bee]
  6510 | D:7      | Reached skill level 5 in Spellcasting
  6585 | D:7      | Found Ovat's Jewellery Shoppe.
  6671 | D:7      | Noticed Joseph
  6811 | D:7      | HP: 15/74 [Joseph/sling bullet (10)]
  6820 | D:7      | HP: 10/74 [Joseph/sling bullet (4)]
  7137 | D:7      | Killed Joseph
  7137 | D:7      | Reached *** piety under Okawaru
  7137 | D:7      | Reached skill level 5 in Crossbows
  7137 | D:7      | Reached skill level 5 in Throwing
  7137 | D:7      | Reached skill level 5 in Armour
  7137 | D:7      | Reached skill level 5 in Evocations
  7182 | D:7      | Noticed a troll
  7193 | D:7      | Killed a troll
  7193 | D:7      | Reached skill level 8 in Fighting
  7556 | D:7      | Found Akic's Weapon Shop.
  7723 | D:7      | Found Jaluelugyts's Food Shoppe.
  7868 | D:8      | Noticed Erica
  7917 | D:8      | Found a shattered altar of Ashenzari.
  8220 | D:8      | Noticed Prince Ribbit
  8253 | D:7      | Reached skill level 5 in Invocations
  8446 | D:7      | Killed Prince Ribbit
  8446 | D:7      | Reached XP level 10. HP: 48/80 MP: 15/18
  8628 | D:8      | Found Ben Rada's Antique Armour Emporium.
  8649 | D:8      | Noticed Maurice
  8674 | D:8      | Killed Maurice
  8674 | D:8      | Reached skill level 4 in Conjurations
  8674 | D:8      | Reached skill level 4 in Hexes
  8674 | D:8      | Reached skill level 4 in Charms
  8674 | D:8      | Reached skill level 4 in Summonings
  8674 | D:8      | Reached skill level 4 in Necromancy
  8674 | D:8      | Reached skill level 4 in Translocations
  8674 | D:8      | Reached skill level 4 in Transmutations
  8674 | D:8      | Reached skill level 4 in Fire Magic
  8674 | D:8      | Reached skill level 4 in Earth Magic
  8674 | D:8      | Reached skill level 4 in Poison Magic
  8809 | D:8      | Reached skill level 5 in Short Blades
  8809 | D:8      | Reached skill level 5 in Long Blades
  8809 | D:8      | Reached skill level 5 in Axes
  8809 | D:8      | Reached skill level 5 in Maces & Flails
  8809 | D:8      | Reached skill level 5 in Polearms
  8809 | D:8      | Reached skill level 5 in Staves
  8809 | D:8      | Reached skill level 5 in Slings
  8809 | D:8      | Reached skill level 5 in Bows
  8809 | D:8      | Reached skill level 5 in Dodging
  8809 | D:8      | Reached skill level 5 in Stealth
  8809 | D:8      | Reached skill level 5 in Shields
  8809 | D:8      | Reached skill level 5 in Unarmed Combat
  8824 | D:8      | Reached **** piety under Okawaru
  8944 | D:8      | Found a staircase to the Lair.
  9015 | D:8      | Found a runed translucent door.
  9023 | D:8      | Noticed Azzok's ghost (novice OpEE)
  9329 | Lair:1   | Entered Level 1 of the Lair of Beasts
  9336 | Lair:1   | Got a brightly glowing falchion
  9339 | Lair:1   | Identified the +3 falchion "Embalmer" {flame, MP+9 Dex-3
                  | Stlth+} (You found it on level 1 of the Lair of Beasts)
  9380 | Lair:1   | Reached skill level 6 in Spellcasting
  9416 | Lair:1   | Noticed a five-headed hydra
  9435 | Lair:1   | Noticed a spiny frog
  9441 | Lair:1   | Killed a four-headed hydra
  9441 | Lair:1   | Reached skill level 6 in Crossbows
  9441 | Lair:1   | Reached skill level 6 in Throwing
  9441 | Lair:1   | Reached skill level 6 in Armour
  9441 | Lair:1   | Reached skill level 5 in Ice Magic
  9441 | Lair:1   | Reached skill level 5 in Air Magic
  9441 | Lair:1   | Reached skill level 6 in Evocations
  9445 | Lair:1   | Noticed a six-headed hydra
  9445 | Lair:1   | Noticed a spiny frog
  9447 | Lair:1   | Noticed a black mamba
  9453 | Lair:1   | Killed a spiny frog
  9453 | Lair:1   | Reached skill level 6 in Invocations
  9459 | Lair:1   | HP: 24/82 [poisoned by a spiny frog]
  9462 | Lair:1   | Killed a one-headed hydra
  9464 | Lair:1   | Noticed Fannar
  9465 | Lair:1   | HP: 16/82 [poisoned by a spiny frog]
  9471 | Lair:1   | HP: 15/82 [poisoned by a spiny frog]
  9476 | Lair:1   | HP: 23/123 [poisoned by a spiny frog]
  9481 | Lair:1   | Killed Fannar
  9481 | Lair:1   | Reached ***** piety under Okawaru
  9481 | Lair:1   | Reached XP level 11. HP: 25/87 MP: 20/20
  9482 | Lair:1   | HP: 24/130 [poisoned by a spiny frog]
  9487 | Lair:1   | HP: 16/87 [poisoned by a spiny frog]
  9879 | Lair:1   | Reached skill level 9 in Fighting
  9879 | Lair:1   | Reached skill level 6 in Short Blades
  9879 | Lair:1   | Reached skill level 6 in Long Blades
  9879 | Lair:1   | Reached skill level 6 in Axes
  9879 | Lair:1   | Reached skill level 6 in Maces & Flails
  9879 | Lair:1   | Reached skill level 6 in Polearms
  9879 | Lair:1   | Reached skill level 6 in Staves
  9879 | Lair:1   | Reached skill level 6 in Slings
  9879 | Lair:1   | Reached skill level 6 in Bows
  9879 | Lair:1   | Reached skill level 6 in Dodging
  9879 | Lair:1   | Reached skill level 6 in Stealth
  9879 | Lair:1   | Reached skill level 6 in Shields
  9879 | Lair:1   | Reached skill level 6 in Unarmed Combat
  9900 | Lair:1   | Reached skill level 5 in Conjurations
  9900 | Lair:1   | Reached skill level 5 in Hexes
  9900 | Lair:1   | Reached skill level 5 in Charms
  9900 | Lair:1   | Reached skill level 5 in Summonings
  9900 | Lair:1   | Reached skill level 5 in Necromancy
  9900 | Lair:1   | Reached skill level 5 in Translocations
  9900 | Lair:1   | Reached skill level 5 in Transmutations
  9900 | Lair:1   | Reached skill level 5 in Fire Magic
  9900 | Lair:1   | Reached skill level 5 in Earth Magic
  9900 | Lair:1   | Reached skill level 5 in Poison Magic
  9978 | Lair:1   | Received a gift from Okawaru
 10279 | Lair:1   | Noticed Nergalle
 10314 | Lair:1   | HP: 13/89 [Nergalle/+1 dagger of electrocution (20)]
 10329 | Lair:1   | Killed Nergalle
 10772 | Lair:1   | HP: 24/89 [komodo dragon (20)]
 10773 | Lair:1   | HP: 7/89 [komodo dragon (17)]
 10781 | Lair:1   | HP: 25/89 [komodo dragon (2)]
 11394 | Lair:2   | Reached skill level 7 in Spellcasting
 11432 | Lair:2   | Received a gift from Okawaru
 11432 | Lair:2   | Reached skill level 7 in Invocations
 11525 | Lair:2   | Found a staircase to the Swamp.
 11695 | Lair:2   | Noticed a five-headed hydra
 11715 | Lair:2   | Killed a five-headed hydra
 11715 | Lair:2   | Reached skill level 7 in Crossbows
 11715 | Lair:2   | Reached skill level 7 in Throwing
 11715 | Lair:2   | Reached skill level 7 in Armour
 11715 | Lair:2   | Reached skill level 7 in Evocations
 12315 | Lair:3   | Found a staircase to the Snake Pit.
 12381 | Lair:3   | HP: 22/89 [spiny frog (7)]
 12386 | Lair:3   | HP: 18/89 [poisoned by a spiny frog]
 12391 | Lair:3   | HP: 16/89 [poisoned by a spiny frog]
 12396 | Lair:3   | HP: 15/89 [poisoned by a spiny frog]
 12401 | Lair:3   | HP: 15/89 [poisoned by a spiny frog]
 12406 | Lair:3   | HP: 16/89 [poisoned by a spiny frog]
 12413 | Lair:3   | HP: 19/89 [poisoned by a spiny frog]
 12421 | Lair:3   | HP: 22/89 [poisoned by a spiny frog]
 12688 | Lair:3   | Reached skill level 6 in Ice Magic
 12688 | Lair:3   | Reached skill level 6 in Air Magic
 12879 | Lair:3   | Noticed a fire crab
 12903 | Lair:3   | Killed a fire crab
 12903 | Lair:3   | Reached XP level 12. HP: 54/96 MP: 23/23
 13073 | Lair:3   | Noticed Snorg
 13087 | Lair:3   | Killed Snorg
 13415 | Lair:4   | Noticed a four-headed hydra
 13510 | Lair:4   | Noticed an entropy weaver
 13546 | Lair:3   | Killed an entropy weaver
 13546 | Lair:3   | Reached skill level 7 in Short Blades
 13546 | Lair:3   | Reached skill level 7 in Long Blades
 13546 | Lair:3   | Reached skill level 7 in Axes
 13546 | Lair:3   | Reached skill level 7 in Maces & Flails
 13546 | Lair:3   | Reached skill level 7 in Polearms
 13546 | Lair:3   | Reached skill level 7 in Staves
 13546 | Lair:3   | Reached skill level 7 in Slings
 13546 | Lair:3   | Reached skill level 7 in Bows
 13546 | Lair:3   | Reached skill level 7 in Dodging
 13546 | Lair:3   | Reached skill level 7 in Stealth
 13546 | Lair:3   | Reached skill level 7 in Shields
 13546 | Lair:3   | Reached skill level 7 in Unarmed Combat
 13700 | Lair:4   | Noticed an eight-headed hydra
 13713 | Lair:4   | Killed an eight-headed hydra
 13917 | Lair:4   | Killed a four-headed hydra
 13917 | Lair:4   | Reached skill level 6 in Conjurations
 13917 | Lair:4   | Reached skill level 6 in Hexes
 13917 | Lair:4   | Reached skill level 6 in Charms
 13917 | Lair:4   | Reached skill level 6 in Summonings
 13917 | Lair:4   | Reached skill level 6 in Necromancy
 13917 | Lair:4   | Reached skill level 6 in Translocations
 13917 | Lair:4   | Reached skill level 6 in Transmutations
 13917 | Lair:4   | Reached skill level 6 in Fire Magic
 13917 | Lair:4   | Reached skill level 6 in Earth Magic
 13917 | Lair:4   | Reached skill level 6 in Poison Magic
 13946 | Lair:4   | Noticed an entropy weaver
 13966 | Lair:4   | Killed an entropy weaver
 13966 | Lair:4   | Reached skill level 8 in Invocations
 14284 | Lair:4   | Reached skill level 8 in Spellcasting
 14476 | Lair:4   | Noticed a queen ant
 14540 | Lair:3   | Reached skill level 10 in Fighting
 14540 | Lair:3   | Reached skill level 8 in Crossbows
 14540 | Lair:3   | Reached skill level 8 in Throwing
 14540 | Lair:3   | Reached skill level 8 in Armour
 14540 | Lair:3   | Reached skill level 8 in Evocations
 15080 | Lair:3   | Received a gift from Okawaru
 15100 | Lair:3   | Reached XP level 13. HP: 84/103 MP: 22/25
 16382 | Lair:5   | Received a gift from Okawaru
 16382 | Lair:5   | Reached skill level 7 in Ice Magic
 16382 | Lair:5   | Reached skill level 7 in Air Magic
 16648 | Lair:5   | Reached skill level 8 in Short Blades
 16648 | Lair:5   | Reached skill level 8 in Long Blades
 16648 | Lair:5   | Reached skill level 8 in Axes
 16648 | Lair:5   | Reached skill level 8 in Maces & Flails
 16648 | Lair:5   | Reached skill level 8 in Polearms
 16648 | Lair:5   | Reached skill level 8 in Staves
 16648 | Lair:5   | Reached skill level 8 in Slings
 16648 | Lair:5   | Reached skill level 8 in Bows
 16648 | Lair:5   | Reached skill level 8 in Dodging
 16648 | Lair:5   | Reached skill level 8 in Stealth
 16648 | Lair:5   | Reached skill level 8 in Shields
 16648 | Lair:5   | Reached skill level 8 in Unarmed Combat
 17291 | Lair:5   | Reached ****** piety under Okawaru
 17521 | Lair:5   | Received a gift from Okawaru
 17761 | Lair:5   | Found a viscous altar of Jiyva.
 17818 | Lair:5   | Found a staircase to the Slime Pits.
 18366 | Lair:6   | Entered Level 6 of the Lair of Beasts
 18747 | Lair:6   | Reached skill level 9 in Invocations
 19103 | Lair:6   | Received a gift from Okawaru
 19274 | Lair:6   | Reached skill level 7 in Conjurations
 19274 | Lair:6   | Reached skill level 7 in Hexes
 19274 | Lair:6   | Reached skill level 7 in Charms
 19274 | Lair:6   | Reached skill level 7 in Summonings
 19274 | Lair:6   | Reached skill level 7 in Necromancy
 19274 | Lair:6   | Reached skill level 7 in Translocations
 19274 | Lair:6   | Reached skill level 7 in Transmutations
 19274 | Lair:6   | Reached skill level 7 in Fire Magic
 19274 | Lair:6   | Reached skill level 7 in Earth Magic
 19274 | Lair:6   | Reached skill level 7 in Poison Magic
 19474 | Lair:6   | Reached skill level 9 in Spellcasting
 19704 | Lair:6   | Reached skill level 9 in Crossbows
 19704 | Lair:6   | Reached skill level 9 in Throwing
 19704 | Lair:6   | Reached skill level 9 in Armour
 19704 | Lair:6   | Reached skill level 9 in Evocations
 20212 | Lair:6   | Reached XP level 14. HP: 63/111 MP: 16/27
 20214 | Lair:6   | Received a gift from Okawaru
 21215 | Lair:6   | Reached skill level 11 in Fighting
 21445 | Lair:1   | Upgraded the game from 0.24-a0-249-g2af7e83 to
                  | 0.24-a0-250-g6074511
 21505 | D:9      | Found an ancient bone altar of Kikubaaqudgha.
 21668 | D:9      | Reached skill level 9 in Short Blades
 21668 | D:9      | Reached skill level 9 in Long Blades
 21668 | D:9      | Reached skill level 9 in Axes
 21668 | D:9      | Reached skill level 9 in Maces & Flails
 21668 | D:9      | Reached skill level 9 in Polearms
 21668 | D:9      | Reached skill level 9 in Staves
 21668 | D:9      | Reached skill level 9 in Slings
 21668 | D:9      | Reached skill level 9 in Bows
 21668 | D:9      | Reached skill level 9 in Dodging
 21668 | D:9      | Reached skill level 9 in Stealth
 21668 | D:9      | Reached skill level 9 in Shields
 21668 | D:9      | Reached skill level 9 in Unarmed Combat
 22500 | D:6      | Bought 2 scrolls of identify for 108 gold pieces
 22624 | D:10     | Entered Level 10 of the Dungeon
 22710 | D:10     | Found a staircase to the Orcish Mines.
 22870 | D:10     | Found a huge runed translucent gate.
 22870 | D:10     | Found a huge runed translucent gate.
 22870 | D:10     | Found a huge runed translucent gate.
 22870 | D:10     | Found a huge runed translucent gate.
 23366 | D:10     | Reached skill level 8 in Ice Magic
 23366 | D:10     | Reached skill level 8 in Air Magic
 23380 | D:10     | Reached skill level 10 in Invocations
 23579 | Orc:1    | Entered Level 1 of the Orcish Mines
 23633 | Orc:1    | Found Roplek's Magic Scroll Shoppe.
 23647 | Orc:1    | Bought a scroll of fear for 45 gold pieces
 23647 | Orc:1    | Bought a scroll of fear for 45 gold pieces
 23742 | Orc:1    | Found a runed translucent gate.
 23744 | Orc:1    | Found a runed translucent gate.
 23744 | Orc:1    | Found a runed translucent gate.
 23747 | Orc:1    | Noticed Lanoc's ghost (journeyman GnGl)
 23803 | Orc:1    | Killed Lanoc's ghost
 23803 | Orc:1    | Received a gift from Okawaru
 24125 | Orc:1    | Found a roughly hewn altar of Beogh.
 24174 | Orc:2    | Entered Level 2 of the Orcish Mines
 24230 | Orc:2    | Found Woyf's General Store.
 24286 | Orc:2    | Found a staircase to the Elven Halls.
 24506 | Orc:1    | Noticed Gastronok
 24543 | Orc:1    | Killed Gastronok
 24543 | Orc:1    | Received a gift from Okawaru
 25435 | Orc:2    | Received a gift from Okawaru
 25503 | Orc:2    | Found Vehiaguh's Book Shoppe.
 25526 | Orc:2    | Bought 2 potions of heal wounds for 120 gold pieces
 25526 | Orc:2    | Bought a potion of heal wounds for 60 gold pieces
 25633 | Orc:2    | Reached skill level 8 in Conjurations
 25633 | Orc:2    | Reached skill level 8 in Hexes
 25633 | Orc:2    | Reached skill level 8 in Charms
 25633 | Orc:2    | Reached skill level 8 in Summonings
 25633 | Orc:2    | Reached skill level 8 in Necromancy
 25633 | Orc:2    | Reached skill level 8 in Translocations
 25633 | Orc:2    | Reached skill level 8 in Transmutations
 25633 | Orc:2    | Reached skill level 8 in Fire Magic
 25633 | Orc:2    | Reached skill level 8 in Earth Magic
 25633 | Orc:2    | Reached skill level 8 in Poison Magic
 25633 | Orc:2    | Reached XP level 15. HP: 119/119 MP: 26/28
 25689 | Orc:2    | Reached skill level 10 in Spellcasting
 25697 | Orc:2    | Noticed an orc warlord
 25927 | Orc:1    | Killed an orc warlord
 25947 | Orc:2    | Reached skill level 10 in Crossbows
 25947 | Orc:2    | Reached skill level 10 in Throwing
 25947 | Orc:2    | Reached skill level 10 in Armour
 25947 | Orc:2    | Reached skill level 10 in Evocations
 26258 | Orc:2    | Noticed Azrael
 26284 | Orc:2    | Killed Azrael
 26340 | Orc:2    | Found Maneteb's Antique Armour Boutique.
 26727 | Orc:2    | Found Gasunk's Antique Weapon Boutique.
 26744 | Orc:1    | Received a gift from Okawaru
 27134 | D:11     | Learned a level 2 spell: Swiftness
 27733 | D:11     | Received a gift from Okawaru
 28271 | D:5      | Killed RedearTest's ghost
 28349 | D:8      | Killed Erica
 28441 | D:8      | Killed Azzok's ghost
 29216 | D:13     | Received a gift from Okawaru
 29233 | D:13     | Reached skill level 10 in Short Blades
 29233 | D:13     | Reached skill level 10 in Long Blades
 29233 | D:13     | Reached skill level 10 in Axes
 29233 | D:13     | Reached skill level 10 in Maces & Flails
 29233 | D:13     | Reached skill level 10 in Polearms
 29233 | D:13     | Reached skill level 10 in Staves
 29233 | D:13     | Reached skill level 10 in Slings
 29233 | D:13     | Reached skill level 10 in Bows
 29233 | D:13     | Reached skill level 10 in Dodging
 29233 | D:13     | Reached skill level 10 in Stealth
 29233 | D:13     | Reached skill level 10 in Shields
 29233 | D:13     | Reached skill level 10 in Unarmed Combat
 29247 | D:13     | Found a gate to the Vaults.
 29397 | D:13     | Noticed Jorgrun
 29426 | D:13     | Killed Jorgrun
 29426 | D:13     | Received a gift from Okawaru
 30185 | D:14     | Received a gift from Okawaru
 30422 | D:14     | Reached skill level 11 in Invocations
 30762 | D:14     | Noticed Nessos
 30770 | D:14     | Killed Nessos
 30770 | D:14     | Reached skill level 9 in Ice Magic
 30770 | D:14     | Reached skill level 9 in Air Magic
 30816 | D:14     | Reached skill level 12 in Fighting
 31343 | D:15     | Entered Level 15 of the Dungeon
 31348 | D:15     | Noticed Agnes
 31387 | D:15     | Killed Agnes
 31387 | D:15     | Reached XP level 16. HP: 57/127 MP: 14/30
 31646 | D:14     | Received a gift from Okawaru
 31647 | D:14     | Got a brightly glowing quarterstaff {god gift}
 31979 | D:15     | HP: 37/127 [demonic crawler[a deep elf mage] (4)]
 32609 | D:15     | Noticed Josephine
 32622 | D:15     | Killed Josephine
 32882 | D:15     | Found a runed translucent door.
 32882 | D:15     | Noticed Ijustatesigmund's ghost (journeyman OpFi)
 33010 | D:15     | Found a staircase to the Depths.
 33023 | D:15     | HP: 28/127 [frost giant/bolt of cold (12)]
 33030 | D:15     | Reached skill level 9 in Conjurations
 33030 | D:15     | Reached skill level 9 in Hexes
 33030 | D:15     | Reached skill level 9 in Charms
 33030 | D:15     | Reached skill level 9 in Summonings
 33030 | D:15     | Reached skill level 9 in Necromancy
 33030 | D:15     | Reached skill level 9 in Translocations
 33030 | D:15     | Reached skill level 9 in Transmutations
 33030 | D:15     | Reached skill level 9 in Fire Magic
 33030 | D:15     | Reached skill level 9 in Earth Magic
 33030 | D:15     | Reached skill level 9 in Poison Magic
 33535 | D:15     | Reached skill level 11 in Spellcasting
 33600 | D:14     | Received a gift from Okawaru
 34123 | D:15     | Reached skill level 11 in Crossbows
 34123 | D:15     | Reached skill level 11 in Throwing
 34123 | D:15     | Reached skill level 11 in Armour
 34123 | D:15     | Reached skill level 11 in Evocations
 34153 | D:15     | Killed Ijustatesigmund's ghost
 34166 | D:15     | Identified the +6 quarterstaff of the Sugar Beet {vamp,
                  | rPois Int-3 Dex+5 SInv} (Okawaru gifted it to you on level
                  | 14 of the Dungeon)
 34171 | D:15     | Identified the +2 short sword of Mourning {pierce, rN+
                  | Str+2 Int+6 Dex+3} (You found it on level 15 of the
                  | Dungeon)
 34409 | Slime:1  | Entered Level 1 of the Pits of Slime
 34409 | Slime:1  | Noticed an acid blob
 34481 | Swamp:1  | Entered Level 1 of the Swamp
 34918 | Swamp:1  | Found the macabre finger necklace {rN+}
 36051 | Swamp:1  | Received a gift from Okawaru
 36054 | Swamp:1  | Got a fine great mace {god gift}
 37121 | Swamp:2  | Identified the +2 great mace "Caimoat" {crush, -Tele Str+5
                  | Int+4} (Okawaru gifted it to you on level 1 of the Swamp)
 37189 | Swamp:1  | Reached skill level 11 in Short Blades
 37189 | Swamp:1  | Reached skill level 11 in Long Blades
 37189 | Swamp:1  | Reached skill level 11 in Axes
 37189 | Swamp:1  | Reached skill level 11 in Maces & Flails
 37189 | Swamp:1  | Reached skill level 11 in Polearms
 37189 | Swamp:1  | Reached skill level 11 in Staves
 37189 | Swamp:1  | Reached skill level 11 in Slings
 37189 | Swamp:1  | Reached skill level 11 in Bows
 37189 | Swamp:1  | Reached skill level 11 in Dodging
 37189 | Swamp:1  | Reached skill level 11 in Stealth
 37189 | Swamp:1  | Reached skill level 11 in Shields
 37189 | Swamp:1  | Reached skill level 11 in Unarmed Combat
 37309 | Swamp:2  | Noticed a thorn hunter
 37328 | Swamp:2  | Killed a thorn hunter
 37328 | Swamp:2  | Reached XP level 17. HP: 96/135 MP: 24/32
 37954 | Swamp:2  | Reached skill level 12 in Invocations
 37965 | Swamp:2  | Received a gift from Okawaru
 38310 | Swamp:3  | Received a gift from Okawaru
 38819 | Swamp:4  | Entered Level 4 of the Swamp
 38990 | Swamp:4  | Noticed Mara
 39266 | Swamp:4  | HP: 30/135 [alligator[an alligator] (12)]
 40211 | Swamp:4  | Reached skill level 10 in Ice Magic
 40211 | Swamp:4  | Reached skill level 10 in Air Magic
 40422 | Swamp:4  | Received a gift from Okawaru
 40423 | Swamp:4  | Got a pair of warped gloves {god gift}
 40424 | Swamp:4  | Identified the +1 pair of gloves "Viaps" {*Slow Int+4}
                  | (Okawaru gifted it to you on level 4 of the Swamp)
 40686 | Swamp:4  | Noticed the 27-headed Lernaean hydra
 40698 | Swamp:4  | Killed the 22-headed Lernaean hydra
 40698 | Swamp:4  | Reached skill level 13 in Fighting
 41148 | Swamp:4  | Got a decaying rune of Zot
 41513 | Snake:1  | Entered Level 1 of the Snake Pit
 42231 | Snake:1  | Reached skill level 10 in Conjurations
 42231 | Snake:1  | Reached skill level 10 in Hexes
 42231 | Snake:1  | Reached skill level 10 in Charms
 42231 | Snake:1  | Reached skill level 10 in Summonings
 42231 | Snake:1  | Reached skill level 10 in Necromancy
 42231 | Snake:1  | Reached skill level 10 in Translocations
 42231 | Snake:1  | Reached skill level 10 in Transmutations
 42231 | Snake:1  | Reached skill level 10 in Fire Magic
 42231 | Snake:1  | Reached skill level 10 in Earth Magic
 42231 | Snake:1  | Reached skill level 10 in Poison Magic
 42245 | Snake:1  | Reached skill level 12 in Spellcasting
 42518 | Snake:1  | Reached skill level 12 in Crossbows
 42518 | Snake:1  | Reached skill level 12 in Throwing
 42518 | Snake:1  | Reached skill level 12 in Armour
 42518 | Snake:1  | Reached skill level 12 in Evocations
 42518 | Snake:1  | Reached XP level 18. HP: 46/143 MP: 16/34
 43030 | Snake:1  | Received a gift from Okawaru
 43040 | Snake:1  | Got a pitted hat {god gift}
 43042 | Snake:1  | Identified the -2 hat "Etsarunug" {rF+} (Okawaru gifted it
                  | to you on level 1 of the Snake Pit)
 43047 | Snake:1  | Found a runed translucent door.
 43047 | Snake:1  | Found a shimmering altar of Xom.
 43047 | Snake:1  | Noticed Gorice's ghost (adept GnWn)
 43100 | Snake:1  | Killed Gorice's ghost
 44166 | Snake:2  | You fall through a shaft!
 44197 | Snake:3  | Found Olintul's Assorted Antiques.
 44203 | Snake:3  | --Interesting, teleported the immediately fell thru shaft
 44203 | Snake:3  | --lucky in this instance as appeared in crowded area
 44203 | Snake:3  | --but consequence of new traps system?
 44781 | Snake:3  | Reached skill level 12 in Short Blades
 44781 | Snake:3  | Reached skill level 12 in Long Blades
 44781 | Snake:3  | Reached skill level 12 in Axes
 44781 | Snake:3  | Reached skill level 12 in Maces & Flails
 44781 | Snake:3  | Reached skill level 12 in Polearms
 44781 | Snake:3  | Reached skill level 12 in Staves
 44781 | Snake:3  | Reached skill level 12 in Slings
 44781 | Snake:3  | Reached skill level 12 in Bows
 44781 | Snake:3  | Reached skill level 12 in Dodging
 44781 | Snake:3  | Reached skill level 12 in Stealth
 44781 | Snake:3  | Reached skill level 12 in Shields
 44781 | Snake:3  | Reached skill level 12 in Unarmed Combat
 45064 | Snake:2  | Reached skill level 13 in Invocations
 45201 | Snake:2  | Found a transporter.
 46222 | Snake:2  | Received a gift from Okawaru
 46843 | Snake:2  | Found a transporter.
 46946 | Snake:2  | Received a gift from Okawaru
 47508 | Snake:3  | Noticed Aizul
 47599 | Snake:3  | HP: 43/144 [poisoned by Aizul (bolt of poison)]
 47601 | Snake:3  | Killed Aizul
 47602 | Snake:3  | HP: 21/144 [naga sharpshooter/bolt (10)]
 47605 | Snake:3  | HP: 10/144 [poisoned by Aizul (bolt of poison)]
 47610 | Snake:3  | HP: 7/144 [poisoned by Aizul (bolt of poison)]
 47615 | Snake:2  | HP: 4/144 [poisoned by Aizul (bolt of poison)]
 47621 | Snake:2  | HP: 3/144 [poisoned by Aizul (bolt of poison)]
 47627 | Snake:2  | HP: 3/144 [poisoned by Aizul (bolt of poison)]
 47635 | Snake:2  | HP: 3/144 [poisoned by Aizul (bolt of poison)]
 48241 | Snake:3  | Noticed Vashnia
 48395 | Snake:3  | Killed Vashnia
 48395 | Snake:3  | Reached XP level 19. HP: 80/151 MP: 22/35
 48899 | Snake:3  | Identified the +5 war axe "Laothreedgh" {freeze, Dex+4}
 48932 | Snake:3  | Received a gift from Okawaru
 48954 | Snake:3  | Identified a scroll of acquirement
 49290 | Snake:3  | Found Emumaa's Weapon Shoppe.
 49580 | Snake:4  | Entered Level 4 of the Snake Pit
 49831 | Snake:4  | Received a gift from Okawaru
 49834 | Snake:4  | Got a brightly glowing rapier {god gift}
 49883 | Snake:4  | HP: 43/151 [salamander/+0 trident (7)]
 49887 | Snake:4  | HP: 12/151 [salamander/+0 trident (12)]
 50442 | Snake:4  | Reached skill level 11 in Ice Magic
 50442 | Snake:4  | Reached skill level 11 in Air Magic
 51108 | Snake:4  | Found Qaepulia's Jewellery Boutique.
 51109 | Snake:4  | Found Caiwk's Gadget Emporium.
 51121 | Snake:4  | Found Ybups's Jewellery Boutique.
 51136 | Snake:4  | Bought the ring of Robustness {AC+8} for 2048 gold pieces
 51136 | Snake:4  | Found the ring of Robustness {AC+8}
 51360 | Snake:4  | Received a gift from Okawaru
 51514 | Snake:4  | Reached skill level 14 in Fighting
 51569 | Snake:4  | Reached skill level 13 in Spellcasting
 51909 | Snake:4  | Identified the +2 robe of Amorality {*Corrode +Blink MP+9}
 52310 | Snake:4  | Received a gift from Okawaru
 52310 | Snake:4  | Reached skill level 13 in Crossbows
 52310 | Snake:4  | Reached skill level 13 in Throwing
 52310 | Snake:4  | Reached skill level 13 in Armour
 52310 | Snake:4  | Reached skill level 13 in Evocations
 52605 | Snake:4  | Reached skill level 11 in Conjurations
 52605 | Snake:4  | Reached skill level 11 in Hexes
 52605 | Snake:4  | Reached skill level 11 in Charms
 52605 | Snake:4  | Reached skill level 11 in Summonings
 52605 | Snake:4  | Reached skill level 11 in Necromancy
 52605 | Snake:4  | Reached skill level 11 in Translocations
 52605 | Snake:4  | Reached skill level 11 in Transmutations
 52605 | Snake:4  | Reached skill level 11 in Fire Magic
 52605 | Snake:4  | Reached skill level 11 in Earth Magic
 52605 | Snake:4  | Reached skill level 11 in Poison Magic
 52800 | Snake:4  | Got a serpentine rune of Zot
 53126 | Vaults:1 | Entered Level 1 of the Vaults
 54058 | Vaults:1 | Reached XP level 20. HP: 159/159 MP: 37/37
 54422 | Vaults:1 | Paralysed by a great orb of eyes for 4 turns
 54434 | D:13     | Paralysed by a great orb of eyes for 6 turns
 54443 | D:13     | Reached skill level 14 in Invocations
 54453 | D:13     | Received a gift from Okawaru
 54453 | D:13     | Reached skill level 13 in Short Blades
 54453 | D:13     | Reached skill level 13 in Long Blades
 54453 | D:13     | Reached skill level 13 in Axes
 54453 | D:13     | Reached skill level 13 in Maces & Flails
 54453 | D:13     | Reached skill level 13 in Polearms
 54453 | D:13     | Reached skill level 13 in Staves
 54453 | D:13     | Reached skill level 13 in Slings
 54453 | D:13     | Reached skill level 13 in Bows
 54453 | D:13     | Reached skill level 13 in Dodging
 54453 | D:13     | Reached skill level 13 in Stealth
 54453 | D:13     | Reached skill level 13 in Shields
 54453 | D:13     | Reached skill level 13 in Unarmed Combat
 54540 | D:13     | Learned a level 1 spell: Apportation
 54545 | D:13     | Learned a level 4 spell: Summon Lightning Spire
 54549 | D:13     | Learned a level 3 spell: Confuse
 54551 | D:13     | Learned a level 1 spell: Animate Skeleton
 56092 | Vaults:2 | Noticed Asterion
 56114 | Vaults:1 | Killed Asterion
 56303 | Vaults:2 | Noticed a Brimstone Fiend
 56981 | Vaults:2 | Received a gift from Okawaru
 57027 | Vaults:1 | HP: 48/160 [purple ugly thing (8)]
 57036 | Vaults:1 | HP: 41/160 [poisoned by a deep elf annihilator (poison
                  | arrow)]
 57044 | Vaults:1 | HP: 42/160 [poisoned by a deep elf annihilator (poison
                  | arrow)]
 58075 | Vaults:2 | Received a gift from Okawaru
 58302 | Vaults:2 | HP: 39/160 [fire giant/bolt of fire (25)]
 58957 | Vaults:3 | Received a gift from Okawaru
 59062 | Vaults:2 | HP: 45/160 [acid (6)]
 59069 | Vaults:2 | HP: 21/160 [deep elf archer/arrow (10)]
 59085 | Vaults:2 | HP: 29/160 [frost giant/bolt of cold (14)]
 59720 | Vaults:2 | HP: 46/160 [stone giant (22)]
 59725 | Vaults:2 | HP: 24/160 [stone giant (9)]
 59728 | Vaults:1 | Slain by a stone giant

Levels and vault maps discovered:
D:1:      kb_arrival_jail, layout_loops_corners, serial_bayou_lake_a
D:2:      layout_loops_cross, okawaru_trees_1
D:3:      layout_basic, lemuel_round_altar, old_standard_altar
D:4:      layout_rooms, lemuel_crystal_altar, old_standard_altar,
          minmay_temple_entry_tees, serial_corexii_hall, corexii_hall_statues_l,
          corexii_hall_statues_x, corexii_hall_statues_x,
          chequers_hall_statues_y, chequers_hall_statues_corner_a,
          chequers_hall_statues_wall_a
D:5:      layout_rooms, kennysheep_mini_moat, basic_altar, first_ration,
          gammafunk_ghost_necromancy, minmay_misc_feat_encased,
          corexii_hall_statues_i, kb_lookout_dungeons_type,
          kb_xom_exploding_sheep
D:6:      layout_loops_ring, nicolae_overflow_crystal_walls, marbit_many_paths,
          serial_shops, shop
D:7:      layout_basic, serial_shops, shop, nicolae_shop_trees, shop_statue,
          nicolae_shop_behind_doors, hangedman_decor_peaks_small, dk_vineyard_2,
          hangedman_decor_lopped, grunt_ogre_cave, minmay_door_square,
          uniq_joseph
D:8:      layout_basic, grunt_lair_entry_orc_guard_hut, gammafunk_ghost_grave,
          serial_shops, shop, nicolae_ashenzari_panopticon, uniq_maurice,
          uniq_erica, uniq_prince_ribbit1
D:9:      minmay_ornate_pinched, layout_basic, lemuel_zombie_altar_kikubaaqudgha
D:10:     lemuel_bear_cage, layout_cave_pools, david_orc_3, serial_ice,
          serial_ice_n, serial_ice_c, serial_ice_o, serial_ice_e, serial_ice_d,
          serial_ice_l, serial_ice_m, serial_ice_g, serial_ice_f, serial_ice_a,
          grunt_ministairs_9, kennysheep_nondescript
D:11:     layout_basic
D:12:     layout_cave_pools
D:13:     layout_gridville, david_vaults_5, uniq_jorgrun
D:14:     layout_loops_cross, kennysheep_another_room, uniq_nessos
D:15:     grunt_enter_depths_snipers, layout_basic, gammafunk_ghost_grave,
          minmay_misc_feat_x, hangedman_decor_push, uniq_agnes, uniq_josephine
Temple:   nicolae_temple_great_sept
Lair:1:   layout_long_grid, grunt_megastairs_5, infiniplex_staircase_pool_2,
          uniq_fannar, uniq_nergalle
Lair:2:   layout_regular_city, swamp_mist_pool
Lair:3:   layout_small_grid, minmay_snake_entry_guardpost_small, uniq_snorg
Lair:4:   layout_regular_city, zaba_antful_of_joy, lemuel_fruit_fields
Lair:5:   layout_regular_city, slime_altar_1, minivault_23,
          minmay_shattered_shrine
Lair:6:   evilmike_catoblepas_cave, layout_regular_city, lemuel_fruit_tree
Swamp:1:  layout_basic_swamp, hangedman_swamp_blocks,
          nicolae_swamp_rocky_clearing
Swamp:2:  layout_basic_swamp, serial_swamp_ruin, evilmike_swamp_ruin_house_5,
          evilmike_swamp_ruin_rubble_1, swamp_pool2
Swamp:3:  layout_falls_marsh, evilmike_swamp_ruin_house_4
Swamp:4:  swamp_old_school, layout_basic_swamp, uniq_mara
Snake:1:  layout_basic, ebering_ghost_xom
Snake:2:  gammafunk_its_a_trap, layout_basic, hangedman_snake_sidewinding
Snake:3:  layout_honeycomb, serial_shops, nicolae_shop_trees, shop,
          grunt_megastairs_2, uniq_aizul, uniq_vashnia
Snake:4:  minmay_snake_end_coiled, layout_cave_town, minmay_shop_grove
Slime:1:  layout_caves
Orc:1:    minmay_goldmine, layout_diamond_mine, serial_shops, shop_statue,
          gammafunk_ghost_necromancy, minmay_orc_temple_b, uniq_gastronok
Orc:2:    grunt_orc_gardens, layout_caves, grunt_orc_garden, grunt_orc_garden,
          grunt_orc_garden, grunt_orc_garden, uniq_azrael
Vaults:1: vaults_mumra_chevron, ontoclasm_vaults_spin, vaults_mumra_hex,
          grunt_vaults_bifocal, vaults_mumra_lcd, ontoclasm_vaults_ligature,
          vaults_room_stairs_pillars, grunt_vaults_hallway_short,
          layout_vaults_quadrants
Vaults:2: st_cross, v_misc_29, hangedman_vaults_stitches, v_misc_8,
          vaults_standard_mumra_x, v_alt_pattern_3, ontoclasm_vaults_hangar,
          v_misc_2, vaults_room_pool, ontoclasm_vaults_tryst, v_pattern_4,
          v_misc_10, layout_vaults_omnibox, minmay_crypt_entry_nasty_monster,
          uniq_asterion
Vaults:3: v_misc_1, vaults_standard_mumra_enter_the_diamond,
          hangedman_vaults_impose, nicolae_vaults_little_squares_2,
          grunt_vaults_focal, nicolae_vaults_theta, vaults_room_semicircle,
          v_alt_pattern_2, nicolae_vaults_diagonal_hallway_8,
          vaults_room_door_hall, v_alt_pattern_5, layout_vaults_maze_bifur,
          portal_desolation_entry_twin_temple

Skill      XL: |  1  2  3  4  5  6  7  8  9 10 11 12 13 14 15 16 17 18 19 20 |
---------------+-------------------------------------------------------------+-----
Ice Magic      | 2 3 4 5 6 7 8 9 10 11 | 11.7
Air Magic      | 2 3 4 5 6 7 8 9 10 11 | 11.7
Short Blades   | 1 2 3 4 5 6 7 8 9 10 11 12 13 | 13.4
Long Blades    | 1 2 3 4 5 6 7 8 9 10 11 12 13 | 13.4
Axes           | 1 2 3 4 5 6 7 8 9 10 11 12 13 | 13.4
Maces & Flails | 1 2 3 4 5 6 7 8 9 10 11 12 13 | 13.4
Polearms       | 1 2 3 4 5 6 7 8 9 10 11 12 13 | 13.4
Staves         | 1 2 3 4 5 6 7 8 9 10 11 12 13 | 13.4
Slings         | 1 2 3 4 5 6 7 8 9 10 11 12 13 | 13.4
Bows           | 1 2 3 4 5 6 7 8 9 10 11 12 13 | 13.4
Dodging        | 1 2 3 4 5 6 7 8 9 10 11 12 13 | 13.4
Stealth        | 1 2 3 4 5 6 7 8 9 10 11 12 13 | 13.4
Shields        | 1 2 3 4 5 6 7 8 9 10 11 12 13 | 13.4
Unarmed Combat | 1 2 3 4 5 6 7 8 9 10 11 12 13 | 13.4
Invocations    | 1 2 3 4 5 6 7 8 9 10 11 12 13 14 | 14.4
Spellcasting   | 3 4 5 6 7 8 9 10 11 12 13 | 13.7
Conjurations   | 1 2 3 4 5 6 7 8 9 10 11 | 11.5
Hexes          | 1 2 3 4 5 6 7 8 9 10 11 | 11.5
Charms         | 1 2 3 4 5 6 7 8 9 10 11 | 11.5
Summonings     | 1 2 3 4 5 6 7 8 9 10 11 | 11.5
Necromancy     | 1 2 3 4 5 6 7 8 9 10 11 | 11.5
Translocations | 1 2 3 4 5 6 7 8 9 10 11 | 11.5
Transmutations | 1 2 3 4 5 6 7 8 9 10 11 | 11.5
Fire Magic     | 1 2 3 4 5 6 7 8 9 10 11 | 11.5
Earth Magic    | 1 2 3 4 5 6 7 8 9 10 11 | 11.5
Poison Magic   | 1 2 3 4 5 6 7 8 9 10 11 | 11.5
Crossbows      | 3 4 5 6 7 8 9 10 11 12 13 | 13.6
Throwing       | 3 4 5 6 7 8 9 10 11 12 13 | 13.6
Armour         | 3 4 5 6 7 8 9 10 11 12 13 | 13.6
Evocations     | 3 4 5 6 7 8 9 10 11 12 13 | 13.6
Fighting       | 7 8 9 10 11 12 13 14 | 14.6

Action                   |  1- 3 |  4- 6 |  7- 9 | 10-12 | 13-15 | 16-18 | 19-21 || total
-------------------------+-------+-------+-------+-------+-------+-------+-------++-------
Melee: Whip              |       |    11 |       |       |       |       |       ||    11
       Bite              |       |     8 |    46 |   104 |   337 |   436 |   296 ||  1227
       Hand axe          |       |    26 |       |       |       |       |       ||    26
       Flail             |       |     6 |   398 |   494 |   701 |       |       ||  1599
       Punch             |       |       |     3 |       |       |       |       ||     3
       Falchion          |       |       |       |   154 |       |       |       ||   154
       Demon blade       |       |       |       |       |  1448 |  2474 |  1532 ||  5454
 Fire: Hand crossbow     |    48 |   177 |    92 |       |       |       |       ||   317
       Hunting sling     |       |       |    13 |   244 |   230 |   218 |   253 ||   958
       Fustibalus        |       |       |       |       |     6 |       |       ||     6
Throw: Stone             |       |     1 |       |       |       |       |       ||     1
       Tomahawk          |       |       |     1 |     2 |     2 |       |       ||     5
       Javelin           |       |       |       |       |     1 |     8 |     1 ||    10
 Cast: Swiftness         |       |       |       |       |       |       |     2 ||     2
Invok: Heroism           |       |       |     8 |    12 |    16 |    10 |     7 ||    53
       Finesse           |       |       |       |     1 |       |     2 |     2 ||     5
Evoke: Wand              |       |       |       |     2 |     8 |     8 |     1 ||    19
  Use: Scroll            |     5 |     3 |     9 |     4 |    13 |    15 |     5 ||    54
       Potion            |       |       |     3 |     3 |       |     2 |     2 ||    10
 Stab: Confused          |       |       |       |     1 |       |       |       ||     1
       Distracted        |       |       |       |       |     1 |     2 |     2 ||     5
       Paralysed         |       |       |       |       |     3 |     2 |       ||     5
       Sleeping          |       |       |       |       |       |    13 |     5 ||    18
  Eat: Chunk             |       |     7 |    20 |    24 |    53 |    31 |    29 ||   164
       Ration            |       |       |     2 |       |     2 |     8 |     2 ||    14
Armor: Ring mail         |    13 |    14 |       |       |       |       |       ||    27
       Chain mail        |       |    65 |       |       |    24 |       |       ||    89
       Plate armour      |       |       |   279 |   390 |   734 |   265 |       ||  1668
       Swamp dragon scal |       |       |       |       |       |   467 |   425 ||   892
Dodge: Dodged            |    18 |    40 |   193 |   291 |  1114 |  1859 |  1240 ||  4755
Block: Buckler           |       |       |    31 |   204 |   617 |   659 |   457 ||  1968
       Rpst.: Falchion   |       |       |       |    11 |       |       |       ||    11
       Demon blade       |       |       |       |       |   211 |   341 |   270 ||   822

Table legend:
 A = Non-vault XP
 B = Vault XP
 C = Vault XP percentage of total XP
 D = Non-vault monster count
 E = Vault monster count
 F = Vault count percentage of total count
                 A         B        C        D         E       F
            +---------+---------+-------+---------+---------+-------
      Total |  298891 |  176638 |  37.1 |     993 |     376 |  27.5
            +---------+---------+-------+---------+---------+-------
        D:1 |      21 |       0 |   0.0 |      12 |       0 |   0.0
        D:2 |     192 |       0 |   0.0 |      28 |       0 |   0.0
        D:3 |     129 |       0 |   0.0 |      25 |       0 |   0.0
        D:4 |     368 |       0 |   0.0 |      12 |       0 |   0.0
        D:5 |     720 |     633 |  46.8 |      19 |       4 |  17.4
        D:6 |     867 |      13 |   1.5 |      33 |       1 |   2.9
        D:7 |    1209 |    1079 |  47.2 |      20 |       5 |  20.0
        D:8 |    1197 |    2346 |  66.2 |      16 |       5 |  23.8
        D:9 |    1162 |    1684 |  59.2 |      24 |      16 |  40.0
       D:10 |    1007 |    6797 |  87.1 |      11 |      43 |  79.6
       D:11 |    3380 |       0 |   0.0 |      35 |       0 |   0.0
       D:12 |    4592 |       0 |   0.0 |      48 |       0 |   0.0
       D:13 |    5387 |    5611 |  51.0 |      25 |       6 |  19.4
       D:14 |   14514 |    1362 |   8.6 |      40 |       1 |   2.4
       D:15 |   14935 |    9045 |  37.7 |      46 |      10 |  17.9
     Lair:1 |    5705 |    1948 |  25.5 |      17 |       3 |  15.0
     Lair:2 |    4181 |       0 |   0.0 |      14 |       0 |   0.0
     Lair:3 |    5267 |    2957 |  36.0 |      22 |       5 |  18.5
     Lair:4 |    4781 |    5295 |  52.6 |      16 |      33 |  67.3
     Lair:5 |    1641 |    8707 |  84.1 |       7 |      17 |  70.8
     Lair:6 |   10360 |    8304 |  44.5 |      39 |      17 |  30.4
    Swamp:1 |   14115 |       0 |   0.0 |      48 |       0 |   0.0
    Swamp:2 |   16622 |       0 |   0.0 |      37 |       0 |   0.0
    Swamp:3 |    8115 |       0 |   0.0 |      19 |       0 |   0.0
    Swamp:4 |   18272 |   19819 |  52.0 |      51 |      25 |  32.9
    Snake:1 |   25150 |    3711 |  12.9 |      48 |       3 |   5.9
    Snake:2 |   18184 |   16223 |  47.2 |      39 |      20 |  33.9
    Snake:3 |   22284 |   11643 |  34.3 |      48 |       9 |  15.8
    Snake:4 |   26772 |   21560 |  44.6 |      52 |      37 |  41.6
      Orc:1 |    3430 |    7950 |  69.9 |      25 |      42 |  62.7
      Orc:2 |    1720 |    9461 |  84.6 |       4 |      26 |  86.7
   Vaults:1 |   41228 |   18127 |  30.5 |      82 |      28 |  25.5
   Vaults:2 |   12566 |   11301 |  47.3 |      18 |      17 |  48.6
   Vaults:3 |    8818 |    1062 |  10.7 |      13 |       3 |  18.8
            +---------+---------+-------+---------+---------+-------

Table legend:
 A = Turns spent in this place as a percentage of turns spent in the entire game.
 B = Non-inter-level travel turns spent in this place as a percentage of non-inter-level travel turns spent in the entire game.
 C = Inter-level travel turns spent in this place as a percentage of turns spent in this place.
 D = Turns resting spent in this place as a percentage of non-inter-level travel turns spent in this place.
 E = Turns spent auto-exploring this place as a percentage of non-inter-level travel turns spent in this place.
 F = Non-inter-level travel turns spent in this place divided by the number of levels of this place that you've seen.
                   A       B       C       D       E      F
               +-------+-------+-------+-------+-------+----------------------
         Total | 100.0 | 100.0 |   7.5 |  31.4 |  28.2 | 1534.6
       Dungeon |  32.2 |  31.2 |  10.4 |  20.6 |  41.3 | 1148.5
        Temple |   0.2 |   0.1 |  13.2 |   0.0 |  97.5 |  79.0
          Lair |  22.0 |  21.8 |   8.4 |  34.2 |  27.9 | 2009.3
         Swamp |  10.8 |  11.1 |   4.9 |  27.4 |  29.2 | 1536.2
     Snake Pit |  18.9 |  19.4 |   5.1 |  41.4 |  15.2 | 2677.5
    Slime Pits |   0.0 |   0.0 |   0.0 |   0.0 |   0.0 |   2.0
  Orcish Mines |   5.9 |   5.9 |   6.8 |  26.2 |  27.6 | 1642.0
        Vaults |  10.0 |  10.4 |   3.8 |  46.7 |  12.1 | 1914.0
               +-------+-------+-------+-------+-------+----------------------

Levels and vault maps discovered:
D:1:      kb_arrival_jail, layout_loops_corners, serial_bayou_lake_a
D:2:      layout_loops_cross, okawaru_trees_1
D:3:      layout_basic, lemuel_round_altar, old_standard_altar
D:4:      layout_rooms, lemuel_crystal_altar, old_standard_altar,
          minmay_temple_entry_tees, serial_corexii_hall, corexii_hall_statues_l,
          corexii_hall_statues_x, corexii_hall_statues_x,
          chequers_hall_statues_y, chequers_hall_statues_corner_a,
          chequers_hall_statues_wall_a
D:5:      layout_rooms, kennysheep_mini_moat, basic_altar, first_ration,
          gammafunk_ghost_necromancy, minmay_misc_feat_encased,
          corexii_hall_statues_i, kb_lookout_dungeons_type,
          kb_xom_exploding_sheep
D:6:      layout_loops_ring, nicolae_overflow_crystal_walls, marbit_many_paths,
          serial_shops, shop
D:7:      layout_basic, serial_shops, shop, nicolae_shop_trees, shop_statue,
          nicolae_shop_behind_doors, hangedman_decor_peaks_small, dk_vineyard_2,
          hangedman_decor_lopped, grunt_ogre_cave, minmay_door_square,
          uniq_joseph
D:8:      layout_basic, grunt_lair_entry_orc_guard_hut, gammafunk_ghost_grave,
          serial_shops, shop, nicolae_ashenzari_panopticon, uniq_maurice,
          uniq_erica, uniq_prince_ribbit1
D:9:      minmay_ornate_pinched, layout_basic, lemuel_zombie_altar_kikubaaqudgha
D:10:     lemuel_bear_cage, layout_cave_pools, david_orc_3, serial_ice,
          serial_ice_n, serial_ice_c, serial_ice_o, serial_ice_e, serial_ice_d,
          serial_ice_l, serial_ice_m, serial_ice_g, serial_ice_f, serial_ice_a,
          grunt_ministairs_9, kennysheep_nondescript
D:11:     layout_basic
D:12:     layout_cave_pools
D:13:     layout_gridville, david_vaults_5, uniq_jorgrun
D:14:     layout_loops_cross, kennysheep_another_room, uniq_nessos
D:15:     grunt_enter_depths_snipers, layout_basic, gammafunk_ghost_grave,
          minmay_misc_feat_x, hangedman_decor_push, uniq_agnes, uniq_josephine
Temple:   nicolae_temple_great_sept
Lair:1:   layout_long_grid, grunt_megastairs_5, infiniplex_staircase_pool_2,
          uniq_fannar, uniq_nergalle
Lair:2:   layout_regular_city, swamp_mist_pool
Lair:3:   layout_small_grid, minmay_snake_entry_guardpost_small, uniq_snorg
Lair:4:   layout_regular_city, zaba_antful_of_joy, lemuel_fruit_fields
Lair:5:   layout_regular_city, slime_altar_1, minivault_23,
          minmay_shattered_shrine
Lair:6:   evilmike_catoblepas_cave, layout_regular_city, lemuel_fruit_tree
Swamp:1:  layout_basic_swamp, hangedman_swamp_blocks,
          nicolae_swamp_rocky_clearing
Swamp:2:  layout_basic_swamp, serial_swamp_ruin, evilmike_swamp_ruin_house_5,
          evilmike_swamp_ruin_rubble_1, swamp_pool2
Swamp:3:  layout_falls_marsh, evilmike_swamp_ruin_house_4
Swamp:4:  swamp_old_school, layout_basic_swamp, uniq_mara
Snake:1:  layout_basic, ebering_ghost_xom
Snake:2:  gammafunk_its_a_trap, layout_basic, hangedman_snake_sidewinding
Snake:3:  layout_honeycomb, serial_shops, nicolae_shop_trees, shop,
          grunt_megastairs_2, uniq_aizul, uniq_vashnia
Snake:4:  minmay_snake_end_coiled, layout_cave_town, minmay_shop_grove
Slime:1:  layout_caves
Orc:1:    minmay_goldmine, layout_diamond_mine, serial_shops, shop_statue,
          gammafunk_ghost_necromancy, minmay_orc_temple_b, uniq_gastronok
Orc:2:    grunt_orc_gardens, layout_caves, grunt_orc_garden, grunt_orc_garden,
          grunt_orc_garden, grunt_orc_garden, uniq_azrael
Vaults:1: vaults_mumra_chevron, ontoclasm_vaults_spin, vaults_mumra_hex,
          grunt_vaults_bifocal, vaults_mumra_lcd, ontoclasm_vaults_ligature,
          vaults_room_stairs_pillars, grunt_vaults_hallway_short,
          layout_vaults_quadrants
Vaults:2: st_cross, v_misc_29, hangedman_vaults_stitches, v_misc_8,
          vaults_standard_mumra_x, v_alt_pattern_3, ontoclasm_vaults_hangar,
          v_misc_2, vaults_room_pool, ontoclasm_vaults_tryst, v_pattern_4,
          v_misc_10, layout_vaults_omnibox, minmay_crypt_entry_nasty_monster,
          uniq_asterion
Vaults:3: v_misc_1, vaults_standard_mumra_enter_the_diamond,
          hangedman_vaults_impose, nicolae_vaults_little_squares_2,
          grunt_vaults_focal, nicolae_vaults_theta, vaults_room_semicircle,
          v_alt_pattern_2, nicolae_vaults_diagonal_hallway_8,
          vaults_room_door_hall, v_alt_pattern_5, layout_vaults_maze_bifur,
          portal_desolation_entry_twin_temple
